[Event "ICC Open 2015"]
[Site "Internet Chess Club"]
[Date "2015.05.30"]
[Round "11"]
[White "BOBCATS"]
[Black "esk"]
[Result "1-0"]
[ICCResult "Black checkmated"]
[WhiteElo "2040"]
[BlackElo "1890"]
[Opening "Benoni: 6.e4"]
[ECO "A65"]
[NIC "BI.38"]
[Time "16:13:59"]
[TimeControl "180+0"]

1. d4 Nf6 2. c4 c5 3. d5 e6 4. Nc3 exd5 5. cxd5 d6 6. e4 g6 7. Be2 Bg7 8. f3
O-O 9. g4 a6 10. h4 b5 11. h5 b4 12. hxg6 bxc3 13. gxh7+ Kh8 14. bxc3 Qa5
15. Bd2 Nfd7 16. c4 Bc3 17. Bxc3+ Qxc3+ 18. Kf1 Qd4 19. Qxd4+ cxd4 20. Rd1
Nf6 21. Rxd4 Nxh7 22. f4 Kg7 23. g5 Nd7 24. Nf3 Nc5 25. Nd2 Rb8 26. Kf2 Rb2
27. a3 Rxd2 28. Rxd2 Nxe4+ 29. Ke3 Nxd2 30. Kxd2 Bf5 31. Rh6 Bg6 32. Rh1 Rb8
33. Rc1 Rb2+ 34. Ke1 Ra2 35. c5 dxc5 36. Rxc5 Rxa3 37. d6 Ra1+ 38. Kd2 Ra4
39. Kc3 Nf8 40. Bc4 Nd7 41. Rc7 Nb6 42. d7 Rxc4+ 43. Rxc4 Nxd7 44. Rc7 Nb8
45. Rb7 Nc6 46. Rb6 Ne7 47. Rxa6 Nf5 48. Ra1 Nh4 49. Kd4 Ng2 50. Ke5 Ne3 51.
Re1 Ng4+ 52. Kd6 Nf2 53. Re2 Nd3 54. Re3 Nxf4 55. Rf3 Ne6 56. Rg3 Nf4 57.
Ke5 Ne6 58. Rg1 Nf8 59. Re1 Nd7+ 60. Kd6 Nf8 61. Ke7 Ne6 62. Rg1 Nf4 63. Kd6
Nh5 64. Ke5 Kf8 65. Rc1 Ke7 66. Rc7+ Kf8 67. Ra7 Kg7 68. Rb7 Ng3 69. Rc7 Nf5
70. Rc8 Ng3 71. Rc3 Nf1 72. Rf3 Nd2 73. Rf2 Nc4+ 74. Kd4 Nd6 75. Ra2 Nf5+
76. Kc5 Nh4 77. Ra3 Nf3 78. Rxf3 Bh5 79. Rf4 Kg6 80. Kd6 Kxg5 81. Rd4 Kh6
82. Rd5 Bg6 83. Ke5 Bh5 84. Kf6 Bg6 85. Rd2 Bh5 86. Rh2 Kh7 87. Rxh5+ Kg8
88. Rg5+ Kf8 89. Rg7 Ke8 90. Rxf7 Kd8 91. Ra7 Kc8 92. Ke6 Kb8 93. Rh7 Kc8
94. Kd6 Kb8 95. Kc6 Ka8 96. Kb6 Kb8 97. Rh8# {Black checkmated} 1-0

[Event "ICC Open 2015"]
[Site "Internet Chess Club"]
[Date "2015.05.30"]
[Round "11"]
[White "auket40"]
[Black "Bartof"]
[Result "0-1"]
[ICCResult "White resigns"]
[WhiteElo "1637"]
[BlackElo "1974"]
[Opening "Queen's pawn game, Darooha variation "]
[ECO "D02"]
[NIC "QP.06"]
[Time "16:14:21"]
[TimeControl "180+0"]

1. d4 Nf6 2. Nf3 d5 3. g3 c6 4. Bg2 Bf5 5. h3 Nbd7 6. O-O e6 7. Bf4 Ne4 8.
c4 h6 9. Nc3 g5 10. Be5 f6 11. Nxe4 Bxe4 12. cxd5 exd5 13. Qb3 fxe5 14. Qxb7
Qc8 15. Qb3 Bg7 16. dxe5 Nxe5 17. Nxe5 Bxg2 18. Kxg2 Bxe5 19. Qe3 Qe6 20. f4
gxf4 21. gxf4 Rg8+ 22. Kh2 O-O-O 23. Qxe5 Qxe5 24. fxe5 Rde8 25. Rf5 Re6 26.
Rg1 Rge8 27. Rg7 Rxe5 28. Rxe5 Rxe5 29. Rg2 Kc7 30. Rf2 Kb6 31. b3 Kc5 32.
Kg3 Kd4 33. Kf4 Re7 34. Kg4 c5 35. Kh5 Re6 36. Rg2 c4 37. bxc4 dxc4 38. Rg4+
Kc3 39. e4 Kd3 40. h4 c3 41. e5 c2 42. Rg1 Kd2 43. a4 a5 44. Kg4 Rg6+ 45.
Kf5 Rxg1 {White resigns} 0-1

[Event "ICC Open 2015"]
[Site "Internet Chess Club"]
[Date "2015.05.30"]
[Round "11"]
[White "Tut"]
[Black "Inmune"]
[Result "0-1"]
[ICCResult "White forfeits on time"]
[WhiteElo "3185"]
[BlackElo "3056"]
[Opening "QGA: 3.e4"]
[ECO "D20"]
[NIC "QG.04"]
[Time "16:13:54"]
[TimeControl "180+0"]

1. d4 d5 2. c4 dxc4 3. e4 Nc6 4. Nf3 Bg4 5. d5 Ne5 6. Bf4 Ng6 7. Be3 e5 8.
Bxc4 a6 9. Nbd2 Bd6 10. h3 Bc8 11. O-O Nf6 12. a4 O-O 13. Re1 Nh5 14. Nxe5
Nxe5 15. Qxh5 f5 16. Rac1 Qe7 17. exf5 Bxf5 18. Bd4 Qf6 19. Ne4 Nf3+ 20.
Qxf3 Qxd4 21. Nxd6 cxd6 22. Qc3 Qh4 23. Qg3 Qf6 24. b3 Rac8 25. Rcd1 h6 26.
Re3 Rc5 27. Rde1 b5 28. axb5 axb5 29. Be2 Rxd5 30. Bg4 b4 31. Rf3 Qg5 32.
Rf4 Bxg4 33. Rxg4 Qf6 34. Rxb4 Rf5 35. f3 d5 36. Rb7 Kh8 37. Ree7 Rg5 38.
Qf2 d4 39. Red7 Qc6 40. h4 Rg6 41. Rbc7 Qe6 42. Rxd4 Qxb3 43. Rcd7 Rxf3 44.
Rd8+ Kh7 45. Qe2 Rfg3 46. h5 Rxg2+ 47. Qxg2 Qe3+ 48. Kf1 Rxg2 49. Kxg2 Qe2+
50. Kg3 Qxh5 51. Kf4 Qh4+ 52. Ke3 Qe1+ {White forfeits on time} 0-1

[Event "ICC Open 2015"]
[Site "Internet Chess Club"]
[Date "2015.05.30"]
[Round "11"]
[White "nihil95"]
[Black "DropZone"]
[Result "0-1"]
[ICCResult "White checkmated"]
[WhiteElo "1817"]
[BlackElo "2036"]
[Opening "Sicilian: O'Kelly variation"]
[ECO "B28"]
[NIC "SI.43"]
[Time "16:14:16"]
[TimeControl "180+0"]

1. e4 c5 2. Nf3 a6 3. d4 cxd4 4. Bc4 e6 5. O-O b5 6. Bb3 Bb7 7. Qe2 Qb6 8.
c3 dxc3 9. Nxc3 Nc6 10. Bf4 Nge7 11. Bd6 Ng6 12. Bxf8 Nxf8 13. Rad1 Na5 14.
Bc2 Ng6 15. g3 O-O 16. Rxd7 Nc4 17. b3 Nce5 18. Rfd1 Nxd7 19. Rxd7 Qc6 20.
Qd3 Rac8 21. Ne1 Qxc3 22. Qxc3 Rxc3 23. Rxb7 h6 24. Bd3 Rd8 25. Be2 Rc1 26.
Kf1 Ne5 27. Rb6 Nd3 28. Bxd3 Rxd3 29. Ke2 Rdd1 30. Nd3 Rh1 31. Nxc1 Rxc1 32.
Rxa6 b4 33. Ra4 Kf8 34. Ke3 Rc2 35. Rxb4 Rxa2 36. Rb7 Rb2 37. h4 g5 38. h5
Kg7 39. b4 Kf6 40. f4 Rb3+ 41. Kd4 Rxg3 42. fxg5+ hxg5 43. b5 Rb3 44. b6 g4
45. Rb8 Kg7 46. b7 g3 47. h6+ Kh7 48. e5 g2 49. Rc8 g1=Q+ 50. Kc4 Rxb7 51.
Rc5 Qc1+ 52. Kd4 Qxc5+ 53. Ke4 Qd5+ 54. Kf4 Rb4+ 55. Kg5 Qxe5#
{White checkmated}
0-1

[Event "ICC Open 2015"]
[Site "Internet Chess Club"]
[Date "2015.05.30"]
[Round "11"]
[White "EREBUNI"]
[Black "Red-white"]
[Result "0-1"]
[ICCResult "White resigns"]
[WhiteElo "3024"]
[BlackElo "3093"]
[Opening "Caro-Kann: classical, 6.h4"]
[ECO "B18"]
[NIC "CK.11"]
[Time "16:15:34"]
[TimeControl "180+0"]

1. e4 c6 2. d4 d5 3. Nc3 dxe4 4. Nxe4 Bf5 5. Ng3 Bg6 6. h4 h6 7. Nh3 e6 8.
Nf4 Bh7 9. c3 Bd6 10. Bd3 Qc7 11. Nfh5 Bxd3 12. Qxd3 g6 13. Ng7+ Kf8 14.
Nxe6+ fxe6 15. Qxg6 Qf7 16. Qd3 Nf6 17. Bd2 Nbd7 18. O-O-O Rg8 19. Bxh6+ Ke8
20. Bg5 Kd8 21. Rde1 Kc7 22. Ne4 Nxe4 23. Qxe4 e5 24. Rd1 Rge8 25. d5 Nc5
26. Qc4 b5 27. Qe2 e4 28. dxc6 Nd3+ 29. Kb1 Qxf2 30. Rd2 Qxe2 31. Rxe2 Kxc6
32. h5 Re5 33. Bf6 Re6 34. Bd4 Nf4 35. Rf2 e3 36. Rf3 e2 37. Bf2 Nxg2 38. h6
e1=Q+ 39. Bxe1 Rxe1+ 40. Rxe1 Nxe1 41. Rf7 a5 42. h7 Rh8 43. Kc1 Nd3+ 44.
Kc2 Ne5 45. Ra7 a4 46. b3 axb3+ 47. Kxb3 Nd7 48. Ra6+ Nb6 49. Ra7 Bc7
{White resigns}
0-1

[Event "ICC Open 2015"]
[Site "Internet Chess Club"]
[Date "2015.05.30"]
[Round "11"]
[White "unkavalo"]
[Black "JCarllsen"]
[Result "1-0"]
[ICCResult "Black forfeits on time"]
[WhiteElo "2438"]
[BlackElo "1914"]
[Opening "English opening"]
[ECO "A21"]
[NIC "EO.22"]
[Time "16:14:50"]
[TimeControl "180+0"]

1. c4 e5 2. Nc3 d6 3. g3 Nf6 4. Bg2 g6 5. Nf3 Bg7 6. O-O O-O 7. d3 a5 8. Rb1
c6 9. a3 Nbd7 10. b4 axb4 11. axb4 d5 12. e4 d4 13. Na4 b5 14. Nb2 Re8 15.
Bg5 h6 16. Bxf6 Qxf6 17. Ra1 Bb7 18. Ra5 Rxa5 19. bxa5 Ra8 20. Qd2 Qd8 21.
Ra1 Bf8 22. h4 Kg7 23. Bh3 b4 24. Bxd7 Qxd7 25. Nxe5 Qc7 26. Ng4 Kh7 27. c5
h5 28. Nf6+ Kg7 29. Qg5 Be7 30. e5 Bxf6 31. exf6+ Kh7 32. Nc4 Ba6 33. Ne5 b3
34. g4 hxg4 35. Nxg4 {Black forfeits on time} 1-0

[Event "ICC Open 2015"]
[Site "Internet Chess Club"]
[Date "2015.05.30"]
[Round "11"]
[White "GeneraLisimus"]
[Black "Darnoc"]
[Result "0-1"]
[ICCResult "White resigns"]
[WhiteElo "3152"]
[BlackElo "3037"]
[Opening "French: Tarrasch, open variation"]
[ECO "C07"]
[NIC "FR.18"]
[Time "16:14:36"]
[TimeControl "180+0"]

1. e4 e6 2. d4 d5 3. Nd2 c5 4. Ngf3 cxd4 5. exd5 Qxd5 6. Bc4 Qd6 7. O-O Nf6
8. Nb3 Nc6 9. Nbxd4 Nxd4 10. Nxd4 a6 11. c3 Qc7 12. Bb3 Bd6 13. h3 O-O 14.
Qf3 e5 15. Nc2 e4 16. Qe2 Bf5 17. Bg5 Bh2+ 18. Kh1 Be5 19. Ne3 Bg6 20. Rad1
Rfe8 21. Rd2 Bh5 22. Qc4 Qb6 23. Bxf6 Qxf6 24. Nd5 Qg5 25. Rc2 Re6 26. Qxe4
Bg6 27. Qf3 Bxc2 28. Bxc2 Bd6 29. g3 Rae8 30. h4 Qd2 31. Bb3 Qe2 32. Kg2
Qxf3+ 33. Kxf3 Re1 34. Rxe1 Rxe1 35. Ne3 Bc5 36. Bd5 b6 37. Nc4 Rf1 38. b4
Rxf2+ 39. Ke4 Be7 40. Nxb6 Kf8 41. a3 Bd8 42. Nd7+ Ke7 43. Ne5 Bc7 44. Nc6+
Kd7 45. Nd4 Bxg3 46. c4 Rf4+ 47. Kd3 Bf2 48. Nc6 Kc7 49. c5 Rxh4 50. a4 g5
51. Ke2 Bg1 52. Bg2 Rf4 53. Bh1 g4 54. Ne7 Rf2+ 55. Kd3 g3 56. Nd5+ Kd7 57.
Be4 f5 58. Nb6+ Kc7 59. Nd5+ Kd8 60. Bh1 g2 61. Bxg2 Rxg2 62. c6 Rb2 63. Kc4
f4 64. b5 axb5+ 65. axb5 f3 66. c7+ Kd7 {White resigns} 0-1

[Event "ICC Open 2015"]
[Site "Internet Chess Club"]
[Date "2015.05.30"]
[Round "11"]
[White "EndgamesMaster"]
[Black "santiagoelawad"]
[Result "1/2-1/2"]
[ICCResult "White ran out of time and Black has no material to mate"]
[WhiteElo "1748"]
[BlackElo "2039"]
[Opening "Caro-Kann: Panov-Botvinnik attack, 5...g6"]
[ECO "B14"]
[NIC "CK.03"]
[Time "16:14:05"]
[TimeControl "180+0"]

1. e4 c6 2. d4 d5 3. exd5 cxd5 4. c4 Nf6 5. Nc3 g6 6. Nf3 Bg7 7. Ne5 O-O 8.
Be2 Nc6 9. O-O dxc4 10. Nxc6 bxc6 11. Bxc4 Rb8 12. Be3 Rxb2 13. Bb3 Qa5 14.
Qc1 Rxb3 15. axb3 Qc7 16. Nb5 Qb6 17. Nxa7 Bd7 18. d5 Qxb3 19. dxc6 Bc8 20.
Rd1 Ng4 21. Nxc8 Rxc8 22. Rb1 Qe6 23. c7 Be5 24. Bh6 Bxh2+ 25. Kh1 Bxc7 26.
Qxc7 Nxf2+ 27. Kg1 Nxd1 28. Rb8 f6 29. Qxc8+ Qxc8 30. Rxc8+ Kf7 31. Rf8+ Ke6
32. Rh8 Kf5 33. Rxh7 g5 34. Rxe7 Kg4 35. Rg7 f5 36. Rxg5+ Kf4 37. Rh5+ Ke4
38. Rh3 Ne3 39. Rf3 Kd5 40. Rxf5+ Kd4 41. Bf4 Kd3 42. Re5 Ke2 43. Re4 Kd2
44. Rxe3 Kd1 {White ran out of time and Black has no material to mate}
1/2-1/2

[Event "ICC Open 2015"]
[Site "Internet Chess Club"]
[Date "2015.05.30"]
[Round "11"]
[White "leonardoalmeida"]
[Black "PADILLON2189"]
[Result "1-0"]
[ICCResult "Black forfeits on time"]
[WhiteElo "1872"]
[BlackElo "2001"]
[Opening "Van't Kruijs opening"]
[ECO "A00"]
[Time "16:13:55"]
[TimeControl "180+0"]

1. e3 d5 2. b3 Nf6 3. Bb2 c5 4. Nf3 Nc6 5. Be2 Bg4 6. d4 e6 7. dxc5 Bxc5 8.
O-O O-O 9. a3 a5 10. Nbd2 Qe7 11. Ne5 Bxe2 12. Qxe2 Nxe5 13. Bxe5 Bxa3 14.
c4 Bb4 15. Nf3 dxc4 16. Qxc4 Rfc8 17. Qf4 Nd5 18. Qg3 f6 19. Bd4 e5 20. Bb2
Nc3 21. Qh3 Ne2+ 22. Kh1 Rc2 23. Rab1 Rac8 24. Ba1 b5 25. Nh4 g6 26. Qg4
R8c7 27. Rbd1 Nc3 28. Bxc3 R2xc3 29. Nxg6 hxg6 30. Qxg6+ Qg7 31. Rd8+ Bf8
32. Qf5 Rc1 33. Qd3 Rxf1+ 34. Qxf1 Rd7 35. Rb8 b4 36. h3 Rd2 37. Qc4+ Qf7
38. Qg4+ Qg7 39. Qe6+ Kh7 40. Qf5+ Qg6 41. Qxg6+ Kxg6 42. Rxf8 Rxf2 43. Ra8
Rb2 44. Rxa5 Rxb3 45. Rb5 Kf5 46. Kh2 Ke4 47. Rb6 f5 48. h4 Kxe3 49. h5 Kf4
50. h6 Ra3 51. Rxb4+ Kg5 52. h7 Ra8 53. Rb7 Rh8 54. Rg7+ Kf6 55. Rb7 Kg6 56.
Kg3 Rxh7 57. Rb6+ Kg5 58. Rb5 e4 59. Rc5 Ra7 60. Rc3 Ra4 61. Kh3 Rd4 62. Rc5
Rd3+ 63. Kh2 Kg4 64. Re5 Kf4 65. Re7 Rd2 66. Rf7 e3 67. Re7 e2 68. Re8 Kg4
69. Re7 f4 70. Rg7+ Kf5 71. Re7 Kf6 72. Re8 {Black forfeits on time} 1-0

[Event "ICC Open 2015"]
[Site "Internet Chess Club"]
[Date "2015.05.30"]
[Round "11"]
[White "Sibelephant"]
[Black "faust"]
[Result "1-0"]
[ICCResult "Black resigns"]
[WhiteElo "3207"]
[BlackElo "3210"]
[Opening "Réti: King's Indian attack"]
[ECO "A05"]
[NIC "QP.11"]
[Time "16:14:36"]
[TimeControl "180+0"]

1. Nf3 Nf6 2. g3 g6 3. b3 Bg7 4. Bb2 d5 5. c4 O-O 6. cxd5 Nxd5 7. Bxg7 Kxg7
8. Bg2 c5 9. Qc1 b6 10. Qb2+ f6 11. O-O Bb7 12. d4 Na6 13. Rd1 Qe8 14. e4
Ndc7 15. d5 Rd8 16. Nc3 Kg8 17. a3 Qf7 18. b4 Bc8 19. h3 h6 20. Qc1 g5 21.
Qe3 Qg7 22. e5 Bf5 23. d6 exd6 24. exd6 Ne8 25. Nd5 Kh8 26. Ne7 Bh7 27. d7
Nec7 28. Rd6 Nb5 29. Rd2 c4 30. a4 Nbc7 31. Rad1 Nxb4 32. Nd4 Nd3 33. Ndf5
Bxf5 34. Nxf5 Qh7 35. Qe4 Rxd7 36. Qxc4 Qxf5 37. Rxd3 Rxd3 38. Rxd3 Ne6 39.
Rf3 Qe5 40. Re3 Qa1+ 41. Kh2 Ng7 42. Re7 f5 43. Qc6 Rf6 44. Qc7 Rf8 45. Qc6
Rf6 46. Qc7 Rg6 47. Qc8+ Kh7 48. Qxf5 Qf6 49. Be4 Qxe7 50. Qxg6+ Kg8 51.
Bd5+ Kf8 52. Qxh6 Qe5 53. Qh8+ Ke7 54. Bg2 Qf6 55. Qa8 Qxf2 56. Qxa7+ Kf6
57. a5 Ne6 58. Qxb6 Qa2 59. a6 Ke5 60. a7 Nd4 61. a8=Q {Black resigns} 1-0

[Event "ICC Open 2015"]
[Site "Internet Chess Club"]
[Date "2015.05.30"]
[Round "11"]
[White "centrepawn"]
[Black "talaatabdin"]
[Result "0-1"]
[ICCResult "White checkmated"]
[WhiteElo "1235"]
[BlackElo "1404"]
[Opening "Queen's bishop game"]
[ECO "A45"]
[NIC "QP.07"]
[Time "16:14:27"]
[TimeControl "180+0"]

1. d4 Nf6 2. Bf4 d5 3. Nf3 Bg4 4. Ne5 e6 5. h3 Bf5 6. e3 Nbd7 7. Nd2 Nxe5 8.
dxe5 Nd7 9. Bd3 Bxd3 10. cxd3 Be7 11. Rc1 O-O 12. Qh5 c6 13. Nf3 f6 14. exf6
Nxf6 15. Qg5 Bb4+ 16. Kf1 Bd6 17. Ne5 Bxe5 18. Bxe5 Rf7 19. h4 b6 20. h5 h6
21. Qg6 c5 22. Rh3 d4 23. Rg3 dxe3 24. Rxe3 Nd5 25. Rf3 Qe7 26. Rxf7 Qxf7
27. Qg3 Rf8 28. Re1 Nf6 29. Bxf6 Qxf6 30. Qc7 Qxf2# {White checkmated} 0-1

[Event "ICC Open 2015"]
[Site "Internet Chess Club"]
[Date "2015.05.30"]
[Round "11"]
[White "QuieroAprender"]
[Black "Cinzento"]
[Result "0-1"]
[ICCResult "White checkmated"]
[WhiteElo "1417"]
[BlackElo "1784"]
[Opening "Sicilian defense"]
[ECO "B44"]
[NIC "SI.39"]
[Time "16:14:51"]
[TimeControl "180+0"]

1. e4 c5 2. Nf3 Nc6 3. d4 cxd4 4. Nxd4 e6 5. Nxc6 bxc6 6. Be3 d5 7. exd5
cxd5 8. c3 Nf6 9. Bb5+ Bd7 10. Qa4 Bxb5 11. Qxb5+ Qd7 12. Qxd7+ Nxd7 13. O-O
Bc5 14. b3 Rc8 15. Re1 O-O 16. Bxc5 Nxc5 17. c4 Nd3 18. Re3 dxc4 19. bxc4
Rxc4 20. Na3 Rd4 21. Nb5 Rd7 22. Nxa7 Nxf2 23. Ra3 Ng4 24. Nc6 Rc8 25. Rc1
Kf8 26. Rac3 Rdc7 27. a4 Ne5 28. a5 Rxc6 29. Rxc6 Rxc6 30. Re1 Ng4 31. Ra1
Ra6 32. h3 Ne5 33. Kf2 Nc6 34. Kf3 Rxa5 35. Rc1 Ra3+ 36. Kg4 Ne5+ 37. Kh4
Ke7 38. g4 Nf3+ 39. Kh5 Kf6 40. Rf1 Ke7 41. Rb1 Ne5 42. Rb7+ Kf6 43. Rb1
Rxh3# {White checkmated} 0-1

[Event "ICC Open 2015"]
[Site "Internet Chess Club"]
[Date "2015.05.30"]
[Round "11"]
[White "Meditator"]
[Black "smoothg"]
[Result "1-0"]
[ICCResult "Black forfeits on time"]
[WhiteElo "2219"]
[BlackElo "1860"]
[Opening "Robatsch defense"]
[ECO "B06"]
[NIC "KF.05"]
[Time "16:14:08"]
[TimeControl "180+0"]

1. e4 g6 2. d4 Bg7 3. Nc3 c5 4. d5 d6 5. Bb5+ Bd7 6. a4 Na6 7. Nf3 Nc7 8.
Bc4 a6 9. Qe2 Nf6 10. e5 dxe5 11. Nxe5 O-O 12. O-O Nce8 13. Be3 Rc8 14. a5
Nd6 15. Ba2 Nfe8 16. Nc4 Bb5 17. Nxb5 axb5 18. Nb6 Rc7 19. c3 Nc8 20. Na8
Rd7 21. Qxb5 Ncd6 22. Qa4 Nf6 23. Nb6 Rc7 24. Rad1 Qb8 25. Bf4 Qa7 26. Rfe1
Rd8 27. h3 Nfe8 28. c4 Bxb2 29. Re3 Bd4 30. Rf3 Nf6 31. Be3 Bxe3 32. Rxe3
Qa6 33. Rde1 Kf8 34. g4 Re8 35. Qa3 Rd8 36. Re5 Ng8 37. h4 Re8 38. Qc3 f6
39. Re6 Qa7 40. g5 Kf7 41. gxf6 exf6 42. Rxe8 Nxe8 43. d6 Qb8 44. dxc7 Qxc7
45. Qg3 Qd7 46. Qf3 Qc7 47. Rd1 Nd6 48. Qd5+ Kg7 49. Qxd6 Qf7 50. Qd7 Qxd7
51. Nxd7 Kh6 52. Nxc5 f5 53. Nxb7 Nf6 54. Nd6 {Black forfeits on time} 1-0

[Event "ICC Open 2015"]
[Site "Internet Chess Club"]
[Date "2015.05.30"]
[Round "11"]
[White "f8"]
[Black "ivancele"]
[Result "1-0"]
[ICCResult "Black forfeits on time"]
[WhiteElo "1432"]
[BlackElo "1599"]
[Opening "Pirc defense"]
[ECO "B07"]
[NIC "PU.07"]
[Time "16:15:04"]
[TimeControl "180+0"]

1. e4 d6 2. d4 Nf6 3. Nc3 g6 4. Be3 c6 5. f3 Bg7 6. Qd2 Qc7 7. Bh6 O-O 8.
Bxg7 Kxg7 9. g4 e5 10. Nge2 Nbd7 11. h4 h5 12. Ng3 Rh8 13. O-O-O a6 14. gxh5
Nxh5 15. Nxh5+ Rxh5 16. f4 exf4 17. Qxf4 Nf6 18. Be2 Rh7 19. e5 dxe5 20.
dxe5 Nh5 21. Bxh5 Rxh5 22. Qf6+ Kg8 23. Ne4 Be6 24. Ng5 Bd5 25. Rhf1 Rf8 26.
Rf4 b5 27. Rdf1 Bc4 28. R1f2 Bd5 29. b3 Qd7 30. Nxf7 Bxf7 31. e6 Qxe6 32.
Qxe6 Bxe6 33. Rxf8+ Kg7 34. R8f6 Bd5 35. R2f4 {Black forfeits on time} 1-0

[Event "ICC Open 2015"]
[Site "Internet Chess Club"]
[Date "2015.05.30"]
[Round "11"]
[White "gsvc"]
[Black "Neurisdr"]
[Result "0-1"]
[ICCResult "White forfeits on time"]
[WhiteElo "2663"]
[BlackElo "2874"]
[Opening "Sicilian, Chekhover variation"]
[ECO "B53"]
[NIC "SI.02"]
[Time "16:14:19"]
[TimeControl "180+0"]

1. e4 c5 2. Nf3 d6 3. d4 cxd4 4. Qxd4 Nc6 5. Bb5 Bg4 6. Qd3 Nf6 7. Nd4 Bd7
8. c4 e6 9. Nc3 Be7 10. O-O O-O 11. Rd1 Nxd4 12. Qxd4 a6 13. Bxd7 Nxd7 14.
Bd2 Rc8 15. b3 Ne5 16. Rac1 Re8 17. Be3 Rc6 18. h3 Qc7 19. Qd2 Rc8 20. Ne2
Qb8 21. Nd4 R6c7 22. a4 Nd7 23. Nf3 Nc5 24. Bxc5 Rxc5 25. Qe3 h6 26. g3 Qc7
27. Nd4 Bf6 28. Ne2 Bg5 29. f4 Bf6 30. Kg2 g6 31. h4 Bg7 32. Kh3 Qe7 33. Rd3
g5 34. Rcd1 gxh4 35. g4 R5c6 36. Qf3 b5 37. cxb5 axb5 38. axb5 Rc5 39. Nd4
Bxd4 40. Rxd4 Rxb5 41. Rxd6 Rbc5 42. R6d3 Rc2 43. Rg1 Rb2 44. g5 Rcc2 45.
gxh6+ Kh7 46. Rh1 Qf6 47. Rd7 Qg6 48. Kxh4 Rg2 49. Kh3 Rbf2
{White forfeits on time}
0-1

[Event "ICC Open 2015"]
[Site "Internet Chess Club"]
[Date "2015.05.30"]
[Round "11"]
[White "UzbekTiger"]
[Black "yummy2"]
[Result "1-0"]
[ICCResult "Black forfeits on time"]
[WhiteElo "2837"]
[BlackElo "2728"]
[Opening "QGD Slav defense"]
[ECO "D10"]
[NIC "SL.01"]
[Time "16:14:11"]
[TimeControl "180+0"]

1. d4 d5 2. c4 c6 3. Nc3 Nf6 4. cxd5 cxd5 5. Bf4 a6 6. e3 Nc6 7. Be2 Bf5 8.
Nf3 e6 9. Qb3 Ra7 10. Ne5 Nxe5 11. Bxe5 Nd7 12. O-O Nxe5 13. dxe5 Be7 14.
Qa4+ Kf8 15. Rac1 g5 16. e4 dxe4 17. Rfd1 Qb8 18. Qd4 Kg7 19. Nxe4 Rd8 20.
Nd6 Bg6 21. h4 gxh4 22. Bd3 b5 23. Be4 Rc7 24. Bc6 b4 25. f4 Kg8 26. Kh2 Qa7
27. Qxb4 Rb8 28. Qa5 Rxb2 29. Bf3 Rbc2 30. Rxc2 Rxc2 31. Qa4 Qf2 32. Ne4
Bxe4 33. Qxe4 Rxa2 34. f5 exf5 35. Qxf5 Qg3+ 36. Kh1 h3 37. Rg1 hxg2+ 38.
Bxg2 Kh8 39. Qf3 Qxf3 40. Bxf3 Ra5 41. Re1 Bb4 42. Re2 Bc3 43. e6 fxe6 44.
Rxe6 Rg5 45. Be4 Kg7 46. Re7+ Kf6 47. Ra7 Be5 48. Rxa6+ Kg7 49. Ra7+ Kf6 50.
Rxh7 Rg4 51. Bf3 Rf4 52. Kg2 Kg5 53. Rh5+ {Black forfeits on time} 1-0

[Event "ICC Open 2015"]
[Site "Internet Chess Club"]
[Date "2015.05.30"]
[Round "11"]
[White "Tomorrowlan"]
[Black "BlueJ"]
[Result "1-0"]
[ICCResult "Black checkmated"]
[WhiteElo "2820"]
[BlackElo "2163"]
[Opening "Réti: King's Indian attack (Barcza system)"]
[ECO "A07"]
[NIC "QP.09"]
[Time "16:14:41"]
[TimeControl "180+0"]

1. Nf3 d5 2. g3 c6 3. Bg2 Bg4 4. O-O Nd7 5. d3 e6 6. Nbd2 Bd6 7. e4 Ne7 8.
h3 Bh5 9. Re1 O-O 10. g4 Bg6 11. e5 Bc7 12. d4 c5 13. c3 Nc6 14. a3 b5 15.
Nf1 a5 16. Ng3 b4 17. h4 h6 18. h5 Bh7 19. g5 hxg5 20. Nxg5 bxc3 21. bxc3
cxd4 22. cxd4 Ndxe5 23. dxe5 Bxe5 24. Ra2 Qb6 25. Qg4 Bb1 26. Rae2 f5 27.
Qh4 f4 28. Rxe5 Nxe5 29. Rxe5 fxg3 30. Qxg3 Bf5 31. Re1 Rac8 32. h6 g6 33.
h7+ Kg7 34. Qe5+ Kh6 35. Nxe6+ Kh5 36. Bf3+ Kh4 37. Qg3# {Black checkmated}
1-0

[Event "ICC Open 2015"]
[Site "Internet Chess Club"]
[Date "2015.05.30"]
[Round "11"]
[White "paulohaddad"]
[Black "Svinotigr"]
[Result "0-1"]
[ICCResult "White forfeits on time"]
[WhiteElo "1796"]
[BlackElo "1716"]
[Opening "Queen's Pawn"]
[ECO "A41"]
[NIC "QO.17"]
[Time "16:14:35"]
[TimeControl "180+0"]

1. d4 d6 2. Nf3 Nd7 3. c4 e5 4. d5 Qe7 5. e4 g6 6. Nc3 h5 7. Be3 Bg7 8. Bd3
Ngf6 9. Qd2 O-O 10. O-O Re8 11. Bh6 a6 12. Bxg7 Kxg7 13. b4 Nf8 14. Qe3 N8h7
15. h3 Bd7 16. c5 Rf8 17. Nd2 h4 18. f4 exf4 19. Qxf4 Nh5 20. Qf3 dxc5 21.
d6 Qe5 22. dxc7 Qxc3 23. Rac1 Qxd2 24. Rxc5 Bc6 25. Rd1 Qf4 26. Qe2 Qxc7 27.
Qb2+ Kg8 28. e5 Qe7 29. e6 Qf6 30. Qb3 Qxe6 31. Bc4 Qf6 32. Rf1 Qg7 33. a4
Ng3 34. Rf3 Ng5 35. Rf2 N3e4 36. Re2 Nxc5 37. bxc5 Qd4+ 38. Kh2 Qf4+ 39. Kg1
Ne4 40. Bd5 Bxd5 41. Qxd5 Ng3 42. Re1 Rad8 43. Qxb7 Qd2 44. Re7 Qc1+ 45. Kf2
Rd2+ {White forfeits on time} 0-1

[Event "ICC Open 2015"]
[Site "Internet Chess Club"]
[Date "2015.05.30"]
[Round "11"]
[White "Danya"]
[Black "ShcherbinMatvei"]
[Result "0-1"]
[ICCResult "White checkmated"]
[WhiteElo "3051"]
[BlackElo "2844"]
[Opening "Grünfeld: exchange variation"]
[ECO "D85"]
[NIC "GI.03"]
[Time "16:14:39"]
[TimeControl "180+0"]

1. d4 Nf6 2. c4 g6 3. Nc3 d5 4. cxd5 Nxd5 5. Bd2 Bg7 6. Nf3 O-O 7. Rc1 Nc6
8. e4 Nxc3 9. Bxc3 Bg4 10. d5 Ne5 11. Be2 Nxf3+ 12. Bxf3 Bxf3 13. Qxf3 Bxc3+
14. Rxc3 e6 15. dxe6 fxe6 16. Qg3 c6 17. O-O Qd2 18. Rb3 Rf7 19. Qe5 Rd8 20.
h4 Rd6 21. h5 Qd4 22. Qg3 e5 23. Re1 Rdf6 24. Rbe3 Qxb2 25. R1e2 Qa1+ 26.
Kh2 Qd4 27. Rd3 Qc4 28. h6 Rf4 29. Ree3 b5 30. Qg5 Qe6 31. f3 a5 32. Rd8+
Rf8 33. Red3 Qf6 34. Qxf6 Rxf6 35. R8d7 g5 36. Rg7+ Kh8 37. Rxg5 Rxh6+ 38.
Kg1 Re6 39. Rd7 c5 40. Rgg7 Rh6 41. Rge7 Rc8 42. Rxe5 c4 43. Rxb5 c3 44. Rb1
c2 45. Rc1 Rb6 46. Kh2 Rb1 47. Rxc2 Rxc2 48. e5 Re1 49. f4 Ree2 50. Kh3 Rxg2
51. e6 Rg8 52. f5 Rf2 53. Rf7 Rf3+ 54. Kh2 Rf2+ 55. Kh3 Rf3+ 56. Kh4 Rf4+
57. Kh3 Rf3+ 58. Kh2 Rf2+ 59. Kh1 Rf1+ 60. Kh2 Rb1 61. e7 Rb2+ 62. Kh3 Rbb8
63. f6 Rb1 64. Rf8 Rh1# {White checkmated} 0-1

[Event "ICC Open 2015"]
[Site "Internet Chess Club"]
[Date "2015.05.30"]
[Round "11"]
[White "Smokie"]
[Black "Jospa"]
[Result "0-1"]
[ICCResult "White forfeits on time"]
[WhiteElo "1418"]
[BlackElo "1255"]
[Opening "Philidor's defense"]
[ECO "C41"]
[NIC "KP.08"]
[Time "16:14:58"]
[TimeControl "180+0"]

1. e4 d6 2. Nf3 e5 3. d4 Bg4 4. dxe5 Bxf3 5. gxf3 Nc6 6. exd6 cxd6 7. Bf4
Nf6 8. Nc3 Be7 9. Bb5 O-O 10. Rg1 Ne5 11. Bxe5 dxe5 12. Qxd8 Raxd8 13. Bc4
g6 14. Nd5 Nxd5 15. exd5 Bf6 16. c3 Rfe8 17. Rd1 e4 18. f4 e3 19. Ke2 exf2+
20. Kxf2 Bh4+ 21. Kf3 f5 22. Rd2 a6 23. a4 Be1 24. Re2 Rxe2 25. Kxe2 Bh4 26.
Kf3 Rd6 27. Rd1 Kg7 28. Rd2 Bf6 29. Re2 h6 30. Re6 Rxe6 31. dxe6 Be7 32. b4
Kf6 33. Bd5 b5 34. axb5 axb5 35. Bb3 g5 36. Bd5 gxf4 37. Kxf4 Bd6+ 38. Kf3
Ke5 39. Bb3 Be7 40. h3 h5 41. Ke3 f4+ 42. Kf3 Kf5 43. Bc2+ Ke5 44. Bb3 h4
{White forfeits on time}
0-1